 Dungeon Crawl Stone Soup version 0.31.0-11-ge490571c62 (webtiles) character file.

Game seed: 5327409394267099575

105 qw the Skirmisher (level 4, -4/25 HPs)
             Began as a Deep Elf Hunter on Feb 5, 2024.
             Slain by Sigmund
             ... wielding a +0 scythe
              (9 damage)
             ... on level 3 of the Dungeon.
             The game lasted 00:00:05 (1220 turns).

qw the Skirmisher (Deep Elf Hunter)                 Turns: 1220, Time: 00:00:06

Health: -4/25      AC:  6    Str: 10    XL:     4   Next: 54%
Magic:  6/6        EV: 11    Int: 14    God:
Gold:   123        SH:  0    Dex: 24    Spells: 3/3 levels left

rFire   + . .        a - +0 shortbow
rCold   . . .        (shield currently unavailable)
rNeg    . . .        k - +0 ring mail
rPois   .            (no helmet)
rElec   .            (no cloak)
rCorr   .            b - +0 pair of gloves
SInv    .            (no boots)
Will    .....        (no amulet) Stlth
                     d - ring of protection from fire
HPRegen 0.24/turn    f - +6 ring of dexterity
MPRegen 0.10/turn

%: no passive effects
@: confused, hasted, very quick
A: no striking features
a: no special abilities


You were on level 3 of the Dungeon.
You visited 1 branch of the dungeon, and saw 3 of its levels.

You collected 123 gold pieces.


   Skills:
 - Level 1.5 Fighting
 - Level 8.0 Ranged Weapons
 + Level 2.4 Dodging
 - Level 1.2 Stealth


You had 3 spell levels left.
You didn't know any spells.
Your spell library was empty.

Inventory:

Hand Weapons
 a - a +0 shortbow (weapon)
Armour
 b - a +0 pair of gloves (worn)
 k - a +0 ring mail (worn)
Jewellery
 d - a ring of protection from fire (left hand)
 f - a +6 ring of dexterity (right hand)
Scrolls
 c - a scroll of enchant weapon {unknown}
Potions
 e - a potion of might
 i - a potion of ambrosia {unknown}

Dungeon Overview and Level Annotations

Branches:
Dungeon (3/15)

Altars:

Annotations:
D:3 Sigmund


Message History

The adder closely misses you.
You shoot an arrow. The arrow closely misses the adder.
The adder closely misses you.
You shoot an arrow. The arrow closely misses the adder.
The adder barely misses you. The adder bites you but does no damage.
You shoot an arrow. The arrow misses the adder.
The adder misses you.
You shoot an arrow. The arrow hits the adder.
You kill the adder!
Your Ranged Weapons skill increases to level 8!
You see here an adder corpse.
Found a robe.
Enter note:
Enter note: Sigmund the Dreaded comes into view.
He is wielding a +0 scythe.
Sigmund shouts!
1209 ||| DRINKING potion of haste.
You feel yourself speed up.
Sigmund casts a spell.
Sigmund flickers and vanishes!
Deactivating autopickup; reactivate with Ctrl-A.
You shoot an arrow. You shoot an arrow. You shoot an arrow.
You hear some strange, mumbled words.
You are confused.
You shoot an arrow. Something hits you.
You shoot an arrow. You shoot an arrow. Something hits you but does no damage.
You shoot an arrow. You shoot an arrow. The arrow hits you! Something hits you!
You shoot an arrow. You shoot an arrow.
You hear some strange, mumbled words.
You are more confused.
You shoot an arrow. Something hits you!
You die...

.....+
..(.(.............)....
..####
......#.......###.####.
.## ....##.#.#.##.#
#.####. ## ...
##.#####.# #...... ..
## #.# ######.
#+######### #.# #. ###
#.#.......# #.# #.
##.#####.#.#####.# ###
#. #.#...........@..#
#. ##.####....##.#..#
#. #.# #.....##.#{.# #.
#.# ##....##.#..# ##
####.# ##..........
.....# #..#####.###
###### #..# .# #..[ .#
.###


There were no monsters in sight!

Vanquished Creatures
  A gnoll (D:1)
  4 adders
  2 dart slugs
  2 ribbon worms (D:2)
  2 endoplasms
  A giant cockroach (D:2)
  5 hobgoblins
  7 jackals (D:2)
  2 quokkas (D:1)
  6 ball pythons
  6 bats
  A frilled lizard (D:1)
  4 goblins
  4 kobolds
  6 rats
53 creatures vanquished.

Notes
Turn   | Place    | Note
-------+----------+-------------------------------------------
     0 | D:1      | qw the Deep Elf Hunter began the quest for the Orb.
     0 | D:1      | Reached XP level 1. HP: 12/12 MP: 3/3
     0 | D:1      | 0 ||| qw: Version: 0.3-a-160-g6735b56
     0 | D:1      | 0 ||| qw: Game counter: 6145
     0 | D:1      | 0 ||| qw: Melee chars always use a shield: true
     0 | D:1      | 0 ||| qw: God list: Okawaru
     0 | D:1      | 0 ||| qw: Allow faded altars: false
     0 | D:1      | 0 ||| qw: Do Orc after clearing Dungeon:15 true
     0 | D:1      | 0 ||| qw: Do second Lair branch before Depths: true
     0 | D:1      | 0 ||| qw: Lair rune preference: random
     0 | D:1      | 0 ||| qw: Goals: Normal
     0 | D:1      | 0 ||| PLANNING D:1-11
   112 | D:1      | Reached skill level 6 in Ranged Weapons
   112 | D:1      | Reached XP level 2. HP: 16/16 MP: 4/4
   409 | D:1      | Reached XP level 3. HP: 20/20 MP: 5/5
   509 | D:1      | 509 ||| READING 3 scrolls labelled TUCIOCL YHOTH.
   509 | D:1      | 509 ||| IDENTIFYING pink potion
   510 | D:1      | 510 ||| READING 2 scrolls of identify.
   510 | D:1      | 510 ||| IDENTIFYING green potion
   511 | D:1      | 511 ||| READING scroll of identify.
   511 | D:1      | 511 ||| IDENTIFYING sedimented yellow potion
   512 | D:1      | 512 ||| DROPPING scroll of butterflies.
   513 | D:1      | 513 ||| DROPPING potion of attraction.
   514 | D:1      | 514 ||| DROPPING potion of magic.
   515 | D:1      | 515 ||| DROPPING potion of lignification.
   578 | D:2      | Reached skill level 7 in Ranged Weapons
   644 | D:2      | Found a faded altar of an unknown god.
   739 | D:2      | Reached XP level 4. HP: 25/25 MP: 6/6
  1002 | D:2      | 1002 ||| UPGRADING to +0 pair of gloves.
  1007 | D:2      | 1007 ||| UPGRADING to +0 ring mail.
  1017 | D:2      | 1017 ||| DROPPING +0 leather armour.
  1018 | D:2      | 1018 ||| UPGRADING to ring of protection from fire.
  1019 | D:2      | 1019 ||| UPGRADING to +6 ring of dexterity.
  1020 | D:2      | 1020 ||| READING 2 scrolls of identify.
  1020 | D:2      | 1020 ||| IDENTIFYING fizzy grey potion
  1021 | D:2      | 1021 ||| READING scroll of identify.
  1021 | D:2      | 1021 ||| IDENTIFYING black potion
  1022 | D:2      | 1022 ||| READING scroll labelled BODAFYHAFO.
  1152 | D:3      | Reached skill level 8 in Ranged Weapons
  1208 | D:3      | Noticed Sigmund
  1209 | D:3      | 1209 ||| DRINKING potion of haste.
  1217 | D:3      | HP: 5/25 [something (7)]
  1220 | D:3      | Slain by Sigmund

Levels and vault maps discovered:
D:1:      psy_arrival_fountain, layout_rooms, minmay_misc_feat_x,
          chequers_serial_rivers_micro_d
D:2:      layout_rooms, shapermc_ecumenical_altar_totnotflames
D:3:      layout_loops_corners, mainiacjoe_overflow_alcove_2, uniq_sigmund,
          uniq_grinder

Skill      XL: |  1  2  3  4 |
---------------+-------------+-----
Ranged Weapons | 6 7 8 |  8.0
Fighting       | |  1.5
Dodging        | |  2.4
Stealth        | |  1.2

Action                     |  1- 3 |  4- 6 || total
---------------------------+-------+-------++-------
   Fire: Shortbow          |    84 |    41 ||   125
    Use: Scroll            |     3 |     3 ||     6
         Potion            |       |     1 ||     1
 Armour: Leather armour    |     9 |       ||     9
         Ring mail         |       |     6 ||     6
  Dodge: Dodged            |     9 |     6 ||    15

Table legend:
 A = Non-vault XP
 B = Vault XP
 C = Vault XP percentage of total XP
 D = Non-vault monster count
 E = Vault monster count
 F = Vault count percentage of total count
                 A         B        C        D         E       F
            +---------+---------+-------+---------+---------+-------
      Total |     151 |       0 |   0.0 |      53 |       0 |   0.0
            +---------+---------+-------+---------+---------+-------
        D:1 |      47 |       0 |   0.0 |      24 |       0 |   0.0
        D:2 |      89 |       0 |   0.0 |      27 |       0 |   0.0
        D:3 |      15 |       0 |   0.0 |       2 |       0 |   0.0
            +---------+---------+-------+---------+---------+-------
